 Dungeon Sprint DCSS version 0.14-a0-266-g978670c (console) character file.

621 Dalvant the Arsonist (level 7, -9/40 HPs)
             Began as a Deep Elf Fire Elementalist on Oct 16, 2013.
             Mangled by a baby alligator (20 damage)
             ... in the Dungeon (Sprint II: "The Violet Keep of Menkaure").
             The game lasted 00:05:12 (847 turns).

Dalvant the Arsonist (Deep Elf Fire Elementalist)    Turns: 847, Time: 00:05:12

HP  -9/40        AC  2     Str  5      XL: 7   Next: 18%
MP  18/22        EV 13     Int 24      God:
Gold 18          SH  0     Dex 15      Spells:  3 memorised,  8 levels left

Res.Fire  : + . .   See Invis. : .   (no weapon)
Res.Cold  : . . .   Warding    : .   a - +0 elf robe (curse)
Life Prot.: . . .   Conserve   : .   (no shield)
Res.Poison: +       Res.Corr.  : .   (helmet restricted)
Res.Elec. : .       Clarity    : .   (no cloak)
Sust.Abil.: . .     Spirit.Shd : .   (no gloves)
Res.Mut.  : .       Prev.Telep.: +   (no boots)
Res.Rott. : .       Flight     : .   (no amulet)
Saprovore : . . .                    n - ring of poison resistance
                                     m - ring of fire

@: slightly resistant to hostile enchantments, quite stealthy
A: antennae 1, cold resistance 1, Int +2
a: no special abilities


You were in the Dungeon.
You were very hungry.

You visited 1 branch You collected 486 gold pieces.
You spent 488 gold pieces at shops.

Inventory:

Armour
 a - a cursed +0 elven robe (worn)
 j - a +1 elven robe of the Archmagi
Comestibles
 c - a bread ration
 k - a lychee
 l - a choko
Scrolls
 i - a scroll of blinking
Jewellery
 m - a ring of fire (left hand)
 n - a ring of poison resistance (right hand)
Potions
 d - a potion of curing
 e - a potion of heal wounds
 f - a potion of speed
 g - 2 potions of magic
Books
 b - a book of Flames

   Spells                             Type                      Level
   *Flame Tongue                      Conjuration/Fire             1
   Throw Flame                        Conjuration/Fire             2
   Conjure Flame                      Conjuration/Fire             3
   Inner Flame                        Hexes/Fire                   3
   *Sticky Flame                      Conjuration/Fire             4
   *Fireball                          Conjuration/Fire             5


   Skills:
 - Level 5.1 Fighting
 - Level 2.4 Dodging
 - Level 6.0 Stealth
 + Level 6.2 Spellcasting
 * Level 7.6 Conjurations
 + Level 11.9 Fire Magic


You had 8 spell levels left.
You knew the following spells:

 Your Spells              Type           Power        Failure   Level  Hunger
a - Flame Tongue          Conj/Fire      #####        1%          1    None
b - Fireball              Conj/Fire      ######....   4%          5    ####...
c - Sticky Flame          Conj/Fire      ######..     1%          4    ###....


Dungeon Overview and Level Annotations

Branches:
Dungeon (1/1)

Altars:

Shops:
D ++!=(%?+=}=/[[!!

Annotations:
D exclusion: oklob plant


Innate Abilities, Weirdness & Mutations

You have a pair of small antennae on your head.
Your mind is acute. (Int +2)
Your flesh is cold resistant.


Message History

You enter the shallow water.
Moving in this stuff is going to be slow.
The baby alligator bites you! The baby alligator bites you!
* * * LOW HITPOINT WARNING * * *
There is an open door here.
Really walk into a travel-excluded area?
Casting: Sticky Flame
Confirm with . or Enter, or press ? or * to list all spells.
Aiming: Sticky Flame
Press: ? - help, Shift-Dir - straight line, f - baby alligator
Aim: a baby alligator You feel a surge of power!
The sticky flame hits the baby alligator.
The baby alligator is moderately wounded.
The baby alligator is covered in liquid flames!
You are feeling very hungry.
The baby alligator burns!
The baby alligator misses you. The baby alligator bites you!
Ouch! That really hurt!
You die...

≈ ############≈≈ ###########≈≈≈.
##∩.∩.....#≈≈≈≈.
##.∩.∩....#≈≈≈≈# ##
##..∩.∩...#≈≈≈≈# .#
##...∩.∩..#≈≈### ## .##
##....∩.⌠.#≈##.###+# #.##..#
##...∩.∩..#≈#.#.##<###..#..#
##..∩.∩..@t≈+###B.<.'##.+..#
##.∩.∩....#≈#.#.##§##.#.#....#
###########≈##B###§###.##......≈
##($D######≈≈### $#. ### ≈...§.≈
#$$D#W. ##≈≈≈ .B §. ≈§§≈§.≈
#∩P(+.?# +#≈##. .## §≈§§§.
#(/$#=##. ≈≈## ## §§§≈≈
#?$.###§. ≈≈§≈ ##+###.. ≈ #


You could see a dragon, an ice dragon, an oklob plant and a baby alligator
(burning).

Vanquished Creatures
  Menkaure (D)
  2 hippogriffs (D)
  4 brain worms (D)
7 creatures vanquished.

Notes
Turn   | Place    | Note
--------------------------------------------------------------
     0 | D        | Dalvant, the Deep Elf Fire Elementalist, began the quest for the Orb.
     0 | D        | Reached XP level 1. HP: 10/10 MP: 4/4
     1 | D        | Noticed a hippogriff
     1 | D        | Noticed a hippogriff
     5 | D        | Noticed a brain worm
    12 | D        | Killed a brain worm
    12 | D        | Reached skill level 6 in Fire Magic
    12 | D        | Reached XP level 2. HP: 15/15 MP: 0/7
    12 | D        | Reached XP level 3. HP: 19/19 MP: 0/9
    84 | D        | Noticed a brain worm
    87 | D        | Killed a brain worm
    87 | D        | Reached skill level 8 in Fire Magic
    87 | D        | Reached XP level 4. HP: 21/24 MP: 7/13
    93 | D        | Learned a level 4 spell: Sticky Flame
   132 | D        | Noticed a brain worm
   132 | D        | Noticed a brain worm
   137 | D        | Killed a brain worm
   137 | D        | Reached skill level 5 in Conjurations
   137 | D        | Reached skill level 9 in Fire Magic
   137 | D        | Reached XP level 5. HP: 25/29 MP: 12/16
   144 | D        | Learned a level 5 spell: Fireball
   166 | D        | Noticed Menkaure
   166 | D        | Killed a brain worm
   166 | D        | Reached skill level 5 in Stealth
   166 | D        | Reached skill level 10 in Fire Magic
   166 | D        | Reached XP level 6. HP: 32/35 MP: 14/19
   169 | D        | Killed Menkaure
   280 | D        | Killed a hippogriff
   280 | D        | Reached skill level 5 in Fighting
   280 | D        | Reached skill level 5 in Spellcasting
   280 | D        | Reached skill level 11 in Fire Magic
   398 | D        | Killed a hippogriff
   398 | D        | Reached XP level 7. HP: 34/40 MP: 14/22
   450 | D        | Found Aliac's Magical Wand Shop.
   450 | D        | Found Ituodd's Jewellery Shop.
   450 | D        | Found Ikhlitux's Distillery.
   450 | D        | Found Xatitzal's Antique Armour Boutique.
   450 | D        | Found Ipuqawau's Gadget Boutique.
   450 | D        | Found Zumiem's Distillery.
   450 | D        | Found Bues' Jewellery Shop.
   455 | D        | Found Torphiesk's Book Boutique.
   455 | D        | Found Qiqiuff's Food Boutique.
   455 | D        | Found Lylics' Jewellery Boutique.
   456 | D        | Found Chuclaar's Magic Scroll Boutique.
   456 | D        | Found Bytiosyzuy's Antique Armour Shop.
   456 | D        | Noticed a dragon
   457 | D        | Noticed a baby alligator
   458 | D        | Found Strexis' Antique Weapon Shop.
   458 | D        | Found Equff's Distillery.
   458 | D        | Noticed an oklob plant
   460 | D        | Found Dyax Ast's Book Shoppe.
   461 | D        | Found Pleohav's Book Boutique.
   461 | D        | Noticed an ice dragon
   473 | D        | Bought a runed elven robe for 18 gold pieces
   480 | D        | Bought a lychee for 4 gold pieces
   480 | D        | Bought a choko for 4 gold pieces
   488 | D        | Bought a potion of mutation for 42 gold pieces
   489 | D        | Gained mutation: Your mind is acute. (Int +2) [potion of mutation]
   489 | D        | Gained mutation: You have a pair of small antennae on your head. [potion of mutation]
   489 | D        | Gained mutation: Your flesh is cold resistant. [potion of mutation]
   492 | D        | Bought an uncursed ring of fire for 220 gold pieces
   498 | D        | Bought an uncursed ring of poison resistance for 200 gold pieces
   516 | D        | Noticed a boulder beetle
   516 | D        | Noticed a boulder beetle
   541 | D        | HP: 1/40 [boulder beetle (39)]
   847 | D        | Mangled by a baby alligator

Action                   |  1- 3 |  4- 6 |  7- 9 || total
-------------------------+-------+-------+-------++-------
Melee: Unarmed           |     2 |       |       ||     2
 Cast: Flame Tongue      |     5 |    11 |     2 ||    18
       Sticky Flame      |       |     3 |     3 ||     6
  Use: Potion            |     1 |       |     1 ||     2
